 Dungeon Crawl Stone Soup version 0.30-a0-578-gdee14c521f (webtiles) character file.

Game seed: 14797068463600229839

11326 Spectrina the Frost Mage (level 11, -4/58 HPs)
             Began as a Deep Elf Monk on Nov 30, 2022.
             Was the Champion of Ignis.
             Slain by an ogre mage
             ... wielding a +1 spear of flaming
              (8 damage)
             ... in a volcano on Dec 31, 2022.
             The game lasted 02:06:58 (9006 turns).

Spectrina the Frost Mage (Deep Elf Monk)            Turns: 9006, Time: 02:06:58

Health: -4/58      AC: 20    Str:  8    XL:     11   Next: 47%
Magic:  8/26       EV:  9    Int: 20    God:    Ignis [******]
Gold:   347        SH:  0    Dex: 19    Spells: 2/29 levels left

rFire   + . .      SeeInvis .    e - +2 whip (elec)
rCold   + . .      Faith    .    (no shield)
rNeg    . . .      Spirit   .    x - +6 scale mail of Enormous Liberty {rC+ Dex+2}
rPois   +          Reflect  .    (no helmet)
rElec   .          Harm     .    n - +0 cloak
rCorr   .          Rampage  .    J - +1 pair of gloves {Stlth+}
Will    +....                    I - +0 pair of boots
Stlth   ++++                     V - amulet of magic regeneration
HPRegen 0.29/turn                W - ring of poison resistance
MPRegen 0.60/turn                q - +4 ring of protection

@: invisible
A: no striking features
a: Renounce Religion, Fiery Armour, Foxfire Swarm, Rising Flame


You were in a volcano.
You worshipped Ignis.
Ignis was exalted by your worship.
You visited 2 branches of the dungeon, and saw 13 of its levels.
You also visited: Volcano.

You collected 734 gold pieces.
You spent 387 gold pieces at shops.

Inventory:

Hand Weapons
 a - a +2 dagger of venom
 b - a +0 sling
 e - a +2 whip of electrocution (weapon)
 y - a +1 dagger of draining
Missiles
 i - 2 javelins
 D - 22 poisoned darts (quivered)
 L - a curare-tipped dart
 M - 2 atropa-tipped darts
Armour
 n - a +0 cloak (worn)
 x - the +6 scale mail of Enormous Liberty (worn) {rC+ Dex+2}
   (You found it on level 4 of the Dungeon)

   Dex:       It affects your dexterity (+2).
   rC:        It protects you from cold.
 I - a +0 pair of boots (worn)
 J - a +1 pair of gloves of stealth (worn)
Magical Staves
 k - a staff of death
 Q - a staff of fire
Jewellery
 q - a +4 ring of protection (right hand)
 V - an amulet of magic regeneration (around neck)
 W - a ring of poison resistance (left hand)
Wands
 l - a wand of acid (2)
 m - a wand of flame (21)
 B - a wand of mindburst (3)
 K - a wand of roots (7)
Scrolls
 c - 4 scrolls of fear
 d - a scroll of enchant weapon {unknown}
 h - a scroll of teleportation
 s - a scroll of poison
 u - 3 scrolls of blinking
 w - 2 scrolls of vulnerability {unknown}
 z - a scroll of summoning
 A - 2 scrolls of amnesia {unknown}
 F - a scroll of magic mapping
 G - a scroll of enchant armour {unknown}
 H - a scroll of immolation {unknown}
 P - a scroll of noise {unknown}
 U - a scroll of torment {unknown}
Potions
 f - a potion of cancellation
 g - 2 potions of brilliance
 j - a potion of mutation
 o - 3 potions of haste
 p - a potion of attraction
 r - a potion of ambrosia
 t - 6 potions of lignification
 v - 2 potions of curing
 C - a potion of invisibility
 S - a potion of resistance
 T - a potion of flight
 Z - 2 potions of might {unknown}
Miscellaneous
 N - a phial of floods (inert)


   Skills:
 - Level 2.4 Fighting
 - Level 3.0 Short Blades
 - Level 3.6 Dodging
 - Level 9.0 Stealth
 + Level 9.5 Spellcasting
 * Level 4.4 Necromancy
 + Level 7.9 Translocations
 * Level 14.1 Ice Magic


You had 2 spell levels left.
You knew the following spells:

 Your Spells              Type           Power      Damage    Failure   Level
a - Ozocubu's Refrigerat  Ice            30%        4d14      88%         7
j - Simulacrum            Ice/Necr       23%        N/A       95%         6
l - Summon Ice Beast      Ice/Summ       37%        N/A       38%         4
m - Ozocubu's Armour      Ice            60%        N/A       1%          3
p - Blink                 Tloc           82%        N/A       4%          2
q - Momentum Strike       Conj/Tloc      50%        3d9       22%         2
r - Frozen Ramparts       Ice            100%       1d16      1%          3

Your spell library contained the following spells:

 Spells                   Type           Power      Damage    Failure   Level
 Sting                    Tmut/Pois      36%        1d4       58%         1
 Summon Small Mammal      Summ           36%        N/A       58%         1
 Poisonous Vapours        Pois/Air       18%        N/A       75%         2
 Lesser Beckoning         Tloc           82%        N/A       9%          3
 Manifold Assault         Tloc           41%        N/A       28%         4
 Ice Form                 Ice/Tmut       37%        N/A       38%         4
 Metabolic Englaciation   Hex/Ice        18%        N/A       75%         5
 Call Canine Familiar     Summ           9%         N/A       92%         3
 Ignite Poison            Fire/Tmut/Pois 9%         N/A       92%         3
 Summon Guardian Golem    Hex/Summ       9%         N/A       92%         3
 Summon Forest            Summ/Tloc      12%        N/A       99%         5
 Sticky Flame             Conj/Fire      9%         2d3       100%        4
 Summon Mana Viper        Hex/Summ       9%         N/A       100%        5
 Summon Cactus Giant      Summ           4%         N/A       100%        6
 Storm Form               Tmut/Air       4%         N/A       100%        7
 Ignition                 Fire           4%         3d4       100%        8


Dungeon Overview and Level Annotations

Branches:
Dungeon (12/15)            Temple (0/1) D:7            Lair (1/5) D:11
Volcano (1/1)
    Orc: D:9-12

Altars:
Gozag
Qazlal
Uskayaw
Xom
The Shining One
Ignis

Shops:
D:2 !   D:5 [   D:6 =   D:11 *

Annotations:
D:3 1 runed translucent door, Crazy Yiuf
D:6 1 runed translucent door, THTSBRD's ghost, novice DrTm
D:10 Maggie
D:12 exclusion: ice statue, Nessos


Message History

Your ice beast is engulfed in blazing flames.
Something hits you.
The molten gargoyle blasts magma at you!
The bolt of magma hits you. You partially resist.
Unknown command.
Unknown command.
Casting: Summon Ice Beast (quite dangerous; 38% risk of failure)
Confirm with . or Enter, or press ? or * to list all spells.
You blink.
Your ice beast is engulfed in blazing flames.
Your ice beast dies!
Your ice beast disappears in a puff of smoke!
Unknown command.
Unknown command.
Casting: Blink (safe; 4% risk of failure)
Confirm with . or Enter, or press ? or * to list all spells.
The spell is quite dangerous to miscast (38% risk of failure)!
Continue anyway?
A chill wind blows around you.
You feel stable enough to blink again.
Unknown command.
Aiming: Fastroot
Press: ? - help, Shift-Dir - straight line The roots erupt in riotous growth!
Roots grab the molten gargoyle.
The grasping roots constrict the molten gargoyle, but do no damage.
The molten gargoyle blasts magma at you!
The bolt of magma hits you!! You partially resist.
* * * LOW HITPOINT WARNING * * *
Your ice beast hits something but does no damage.
Unknown command.
Unknown command.
Okay, then.
Press: ? - help, v - describe, . - travel
Here: a molten gargoyle, wielding a +0 mace (heavily damaged, constricted by roots, ally target)
The floor.
You fade into invisibility!
The grasping roots constrict the molten gargoyle, but do no damage.
The roots release their grip on the molten gargoyle.
Something hits you!
You die...

#####.≈≈. ###.....≈≈9
###....≈≈≈§≈§
####~...≈≈≈≈≈§§≈
##.~~...§≈≈≈§§§§§
##..§).§≈§§≈≈§≈§§§
##Y..9..§≈≈≈≈≈≈§≈≈≈
##.....≈≈§§≈°°§≈≈≈≈≈
###..@.°≈≈≈≈≈°○§§§≈≈≈≈
#.....≈§≈§§≈§≈○≈§§≈§≈≈
#....≈≈≈≈≈≈≈≈§°○≈≈≈≈≈≈
##....§≈≈≈≈§§§°°°≈≈§≈§
#.....§≈≈≈§≈≈≈≈≈≈≈§§§
#.#...§≈≈§≈§≈≈≈≈≈≈≈≈§
####..§§§≈§§≈≈≈§≈≈≈≈≈
##..§≈≈≈§≈≈≈≈≈≈≈≈≈
#....≈≈§...≈§≈§§≈


You could see a molten gargoyle (unable to see you, ally target) and a friendly
ice beast (summoned).

Vanquished Creatures
  5 two-headed ogres
  A fire crab (D:11)
  A cyclops (D:11)
  7 nameless horrors
  A rime drake (D:11)
  3 trolls
  2 polar bears (D:11)
  A centaur simulacrum (D:11)
  A vampire (D:11)
  A shadow (D:10)
  A wraith (D:11)
  A wyvern (D:8)
  3 yaks (D:11)
  A fire bat (Volcano)
  3 vampire mosquitoes (D:11)
  An orc warrior (D:10)
  3 black bears
  A sky beast (D:6)
  An ice beast (D:7)
  2 ogres (D:5)
  4 kobold brigands
  4 scorpions
  3 bullfrogs
  A gnoll sergeant (D:9)
  A necrophage (D:7)
  4 wights
  6 killer bees (D:8)
  4 howler monkeys (D:7)
  A lava snake (Volcano)
  A gnoll bouda (D:5)
  6 orc priests
  6 hounds
  8 iguanas
  9 orc wizards
  5 adders
  4 gnolls
  A shadow imp (D:6)
  2 white imps (D:5)
  46 orcs
  7 ball pythons
  2 endoplasms
  3 giant cockroaches
  6 goblins
  8 hobgoblins
  4 jackals (D:4)
  23 kobolds
  3 quokkas
  2 bats
  A frilled lizard (D:1)
  4 rats
219 creatures vanquished.

Vanquished Creatures (collateral kills)
  A wraith (D:10)
  2 yaks (D:11)
  4 fire bats (Volcano)
  6 lava snakes (Volcano)
  3 gnolls (D:9)
16 creatures vanquished.

Vanquished Creatures (others)
  An orc (D:8)
  6 plants (D:8)
7 creatures vanquished.

Grand Total: 242 creatures vanquished

Notes
Turn   | Place    | Note
-------+----------+-------------------------------------------
     0 | D:1      | Spectrina the Deep Elf Monk began the quest for the Orb.
     0 | D:1      | Reached XP level 1. HP: 13/13 MP: 3/3
   263 | D:1      | Reached XP level 2. HP: 18/18 MP: 4/4
   292 | D:1      | Found a faded altar of an unknown god.
   298 | D:1      | Prayed at the altar of an unknown god.
   298 | D:1      | Became a worshipper of Ignis, the Dying Flame
   298 | D:1      | Reached ****** piety under Ignis
   744 | D:2      | Reached XP level 3. HP: 21/22 MP: 5/5
   845 | D:2      | Reached skill level 5 in Stealth
   891 | D:2      | Noticed a phantom
   910 | D:2      | Found Aterucs's Distillery.
   938 | D:2      | Bought a potion of heal wounds for 50 gold pieces
   938 | D:2      | Bought a potion of lignification for 30 gold pieces
  1231 | D:3      | Reached XP level 4. HP: 27/27 MP: 6/6
  1305 | D:4      | Noticed an ogre
  1345 | D:3      | Found a runed translucent door.
  1346 | D:3      | Noticed Crazy Yiuf
  1383 | D:4      | Learned a level 3 spell: Ozocubu's Armour
  1423 | D:5      | Entered Level 5 of the Dungeon
  1423 | D:5      | Noticed an ogre
  1486 | D:4      | Identified the +6 scale mail of Enormous Liberty {rC+
                  | Dex+2}
  1530 | D:5      | Noticed a scorpion
  1567 | D:4      | Reached skill level 1 in Ice Magic
  1636 | D:4      | Reached skill level 2 in Ice Magic
  1636 | D:4      | Reached XP level 5. HP: 31/31 MP: 7/7
  1675 | D:4      | Upgraded the game from 0.30-a0-377-g5cb311bc9f to
                  | 0.30-a0-385-gfebfb9b408
  1675 | D:4      | Upgraded the game from 0.30-a0-385-gfebfb9b408 to
                  | 0.30-a0-389-g8d7d949f56
  1836 | D:4      | Reached skill level 3 in Ice Magic
  1952 | D:5      | Found Tiuloxog's Armour Emporium.
  1964 | D:4      | Reached XP level 6. HP: 13/36 MP: 8/8
  2195 | D:5      | Reached skill level 4 in Ice Magic
  2283 | D:5      | Reached skill level 5 in Ice Magic
  2495 | D:5      | Reached XP level 7. HP: 37/40 MP: 9/9
  2514 | D:5      | Reached skill level 6 in Ice Magic
  2631 | D:6      | Found Ramuxus's Jewellery Shop.
  2652 | D:5      | Reached skill level 7 in Ice Magic
  3020 | D:6      | Reached skill level 8 in Ice Magic
  3076 | D:6      | Reached XP level 8. HP: 21/45 MP: 10/10
  3235 | D:6      | Upgraded the game from 0.30-a0-389-g8d7d949f56 to
                  | 0.30-a0-390-g80c34de65d
  3261 | D:6      | Learned a level 2 spell: Blink
  3264 | D:6      | Learned a level 2 spell: Momentum Strike
  3383 | D:6      | HP: 2/45 [poisoned by a kobold brigand]
  3496 | D:6      | Reached skill level 1 in Spellcasting
  3496 | D:6      | Reached skill level 1 in Translocations
  3496 | D:6      | Reached skill level 9 in Ice Magic
  3969 | D:5      | Bought a +1 pair of gloves of stealth for 214 gold pieces
  4239 | D:7      | Reached skill level 10 in Ice Magic
  4455 | D:8      | Reached XP level 9. HP: 37/49 MP: 17/17
  4601 | D:8      | Noticed a komodo dragon
  4836 | D:9      | Found a stormy altar of Qazlal.
  4865 | D:9      | Upgraded the game from 0.30-a0-390-g80c34de65d to
                  | 0.30-a0-394-g3e4acdb0ae
  4936 | D:8      | Reached skill level 5 in Spellcasting
  4975 | D:8      | Upgraded the game from 0.30-a0-394-g3e4acdb0ae to
                  | 0.30-a0-422-g946f4849ff
  4975 | D:8      | Upgraded the game from 0.30-a0-422-g946f4849ff to
                  | 0.30-a0-457-g4b7bca3bfa
  5013 | D:7      | Upgraded the game from 0.30-a0-457-g4b7bca3bfa to
                  | 0.30-a0-465-g8901f6c8b5
  5018 | D:7      | Upgraded the game from 0.30-a0-465-g8901f6c8b5 to
                  | 0.30-a0-528-g8c47a4955b
  5138 | D:7      | Found a staircase to the Ecumenical Temple.
  5269 | D:7      | Upgraded the game from 0.30-a0-528-g8c47a4955b to
                  | 0.30-a0-534-gdc55766716
  5277 | D:7      | Learned a level 7 spell: Ozocubu's Refrigeration
  5381 | D:10     | Entered Level 10 of the Dungeon
  5395 | D:10     | Reached skill level 11 in Ice Magic
  5482 | D:10     | Found an opulent altar of Gozag.
  5482 | D:10     | Found a glowing golden altar of the Shining One.
  5630 | D:6      | Found a runed translucent door.
  5632 | D:6      | Noticed a +1 scimitar of chaos
  5637 | D:6      | Noticed THTSBRD's ghost (novice DrTm)
  5650 | D:6      | Found a shimmering altar of Xom.
  5685 | D:8      | Upgraded the game from 0.30-a0-534-gdc55766716 to
                  | 0.30-a0-540-g0af01429fa
  5881 | D:9      | Found a hide-covered altar of Uskayaw.
  6213 | D:10     | Noticed Maggie
  6294 | D:11     | Noticed a cyclops
  6299 | D:11     | Killed a cyclops
  6300 | D:11     | Reached skill level 5 in Translocations
  6317 | D:11     | Noticed a troll
  6344 | D:11     | Got the Volume of Filth
  6503 | D:12     | Noticed an ice statue
  6524 | D:12     | Noticed a green ugly thing
  6552 | D:12     | Noticed a gargoyle
  6572 | D:12     | Noticed Nessos
  6572 | D:12     | Noticed a komodo dragon
  6654 | D:11     | Reached XP level 10. HP: 33/54 MP: 15/21
  6672 | D:11     | Noticed a two-headed ogre
  6687 | D:11     | Killed a two-headed ogre
  6688 | D:11     | Reached skill level 12 in Ice Magic
  6830 | D:10     | Noticed a two-headed ogre
  6886 | D:10     | Upgraded the game from 0.30-a0-540-g0af01429fa to
                  | 0.30-a0-553-g7fabdf1491
  6890 | D:10     | Learned a level 3 spell: Frozen Ramparts
  6895 | D:10     | Learned a level 4 spell: Summon Ice Beast
  6962 | D:10     | Noticed a two-headed ogre
  6978 | D:10     | Noticed a nameless horror
  6979 | D:10     | Noticed a nameless horror
  6985 | D:10     | Killed a two-headed ogre
  7233 | D:9      | Noticed a nameless horror
  7397 | D:11     | Noticed a nameless horror
  7407 | D:11     | Killed a nameless horror
  7410 | D:11     | Noticed a nameless horror
  7422 | D:11     | Killed a nameless horror
  7528 | D:11     | Found Ycebuoz's Assorted Antiques.
  7551 | D:11     | Bought a scroll labelled YTOGOOLED QIPUHA for 31 gold
                  | pieces
  7551 | D:11     | Bought a scroll of identify for 62 gold pieces
  7583 | D:11     | Reached skill level 13 in Ice Magic
  7688 | D:11     | Upgraded the game from 0.30-a0-553-g7fabdf1491 to
                  | 0.30-a0-557-ge2afbf3030
  7724 | D:11     | Noticed an ice dragon
  7758 | D:11     | Upgraded the game from 0.30-a0-557-ge2afbf3030 to
                  | 0.30-a0-576-g89cddaab80
  7789 | D:11     | Found a staircase to the Lair.
  7789 | D:11     | Noticed a fire crab
  7792 | D:11     | Noticed a nameless horror
  7810 | D:11     | Killed a nameless horror
  7815 | D:11     | Upgraded the game from 0.30-a0-576-g89cddaab80 to
                  | 0.30-a0-578-gdee14c521f
  7930 | D:11     | Killed a fire crab
  7953 | D:11     | Reached XP level 11. HP: 56/58 MP: 20/25
  7971 | D:11     | Noticed a two-headed ogre
  8255 | D:10     | Reached skill level 1 in Necromancy
  8373 | Lair:1   | Entered Level 1 of the Lair of Beasts
  8397 | Lair:1   | Learned a level 6 spell: Simulacrum
  8598 | Lair:1   | Found a dark tunnel.
  8608 | Volcano  | Entered a volcano
  8801 | Volcano  | Noticed a two-headed ogre
  8801 | Volcano  | Noticed a two-headed ogre
  8863 | Volcano  | Killed a two-headed ogre
  8943 | Volcano  | Noticed a red draconian
  8943 | Volcano  | Noticed a two-headed ogre
  8947 | Volcano  | Found a burning altar of Makhleb.
  8947 | Volcano  | Noticed a two-headed ogre
  8947 | Volcano  | Noticed an ogre mage
  8947 | Volcano  | Noticed a two-headed ogre
  8974 | Volcano  | Killed a two-headed ogre
  8975 | Volcano  | Reached skill level 14 in Ice Magic
  8986 | Volcano  | Killed a two-headed ogre
  9006 | Volcano  | Slain by an ogre mage

Illustrated notes

Levels and vault maps discovered:
D:1:      minmay_arrival_up_and_down, layout_basic,
          ebering_ecumenical_altar_hall
D:2:      layout_rooms, serial_shops, shop, minmay_misc_feat_five
D:3:      layout_basic, nzn_overflow_gifts_of_might_and_magic,
          columned_hall_lemuel, minmay_misc_feat_plants,
          minmay_misc_feat_pillars, uniq_crazy_yiuf_cottage, uniq_terence
D:4:      layout_loops_ring
D:5:      layout_cave_pools, serial_shops, shop
D:6:      layout_basic, ebering_ghost_xom, nicolae_stop_n_shop_1
D:7:      layout_rooms, minmay_temple_entry_overgrown, minmay_misc_feat_tower,
          corexii_checkpoint_b, dk_noncrumbling_4
D:8:      layout_basic, minmay_lizard_king
D:9:      layout_long_grid, mainiacjoe_overflow_24_doors,
          nicolae_uskayaw_suspiria, serial_rivers,
          chequers_serial_rivers_micro_c, chequers_serial_rivers_room_b,
          chequers_serial_rivers_room_b, chequers_serial_rivers_micro_c,
          chequers_serial_rivers_micro_d
D:10:     layout_basic, gammafunk_temple_overflow_statue, uniq_maggie
D:11:     minmay_coctagon, layout_loops_ring, minmay_lair_entry_lava,
          serial_shops, kennysheep_mini_moat
D:12:     layout_rooms, orc_0_dummy, gammafunk_ghost_icy, minivault_16,
          nicolae_vehumet_radiance, uniq_nessos
Lair:1:   layout_regular_city, enter_volcano_4
Volcano:  volcano_grotto [vgs_many_chambers]

Skill      XL: |  1  2  3  4  5  6  7  8  9 10 11 |
---------------+----------------------------------+-----
Stealth        | 3 4 5 6 7 8 9 |  9.0
Ice Magic      | 2 3 5 8 10 11 13 14 | 14.1
Spellcasting   | 4 6 8 9 |  9.5
Translocations | 3 5 7 |  7.9
Necromancy     | 4 |  4.4
Fighting       | |  2.4
Short Blades   | |  3.0
Dodging        | |  3.6

Action                   |  1- 3 |  4- 6 |  7- 9 | 10-12 || total
-------------------------+-------+-------+-------+-------++-------
Melee: Short sword       |   139 |    22 |       |       ||   161
       Punch             |     1 |       |     4 |     3 ||     8
       Dagger            |       |   163 |   395 |    41 ||   599
       Unarmed           |       |       |    38 |       ||    38
       Whip              |       |       |    12 |    83 ||    95
 Fire: Sling             |    10 |    11 |     5 |    12 ||    38
Throw: Dart              |     5 |     7 |    15 |     7 ||    34
 Cast: Ozocubu's Armour  |       |       |    15 |    15 ||    30
       Blink             |       |       |    16 |    10 ||    26
       Momentum Strike   |       |       |     8 |       ||     8
       Frozen Ramparts   |       |       |       |    29 ||    29
       Summon Ice Beast  |       |       |       |    32 ||    32
Evoke: Wand              |       |     5 |    22 |    25 ||    52
       Phial of floods   |       |       |       |     1 ||     1
  Use: Potion            |     3 |       |     5 |     1 ||     9
       Scroll            |       |       |    12 |    10 ||    22
 Stab: Sleeping          |     5 |     1 |     8 |     7 ||    21
       Distracted        |       |       |       |     1 ||     1
Armor: Ring mail         |    52 |     4 |       |       ||    56
       Robe              |     1 |       |       |       ||     1
       Scale mail        |       |    76 |   250 |   118 ||   444
       Skin              |       |       |    68 |       ||    68
Dodge: Dodged            |    83 |    74 |   169 |    59 ||   385

Table legend: (Time is in decaauts)
 A = Elapsed time spent in this place.
 B = Non-inter-level travel time spent in this place.
 C = Inter-level travel time spent in this place.
 D = Time resting spent in this place.
 E = Time spent auto-exploring this place.
 F = Levels seen in this place.
 G = Mean time per level.
                   A        B        C        D        E       F      G
               +--------+--------+--------+--------+--------+-----+--------+
         Total |   8933 |   8008 |    925 |      0 |      0 |  14 |  638.1 |
       Dungeon |   8293 |   7368 |    925 |      0 |      0 |  12 |  691.1 |
          Lair |    235 |    235 |      0 |      0 |      0 |   1 |  235.0 |
       Volcano |    404 |    404 |      0 |      0 |      0 |   1 |  404.0 |
               +--------+--------+--------+--------+--------+-----+--------+

Top non-repeatable levels by time:
     D:6: 1322 daAuts
    D:11: 1153 daAuts
    D:10: 953 daAuts
     D:4: 798 daAuts
     D:8: 780 daAuts
     D:9: 751 daAuts
     D:5: 645 daAuts
     D:7: 485 daAuts
     D:2: 482 daAuts
     D:3: 428 daAuts
     D:1: 410 daAuts
 Volcano: 404 daAuts
  Lair:1: 235 daAuts
    D:12: 81 daAuts
